 Dungeon Crawl Stone Soup version 0.29.1-12-g30fa7ad0bf (webtiles) character file.

Game seed: 9406433002367460792

15360 sanboga the Severer (level 12, -8/168 HPs)
             Began as a Minotaur Berserker on Jan 8, 2023.
             Was a High Priest of Trog.
             Mangled by an orc warrior
             ... wielding a +0 glaive
              (15 damage)
             ... on level 11 of the Dungeon.
             The game lasted 00:15:43 (13876 turns).

sanboga the Severer (Minotaur Berserker)           Turns: 13876, Time: 00:15:43

Health: -8/168     AC: 17    Str: 29    XL:     12   Next: 0%
Magic:  11/11      EV:  8    Int:  4    God:    Trog [*****.]
Gold:   773        SH:  0    Dex: 10    Spells: 11/11 levels left

rFire   . . .      SeeInvis .   J - +0 battleaxe (flame)
rCold   . . .      Faith    .   (shield currently unavailable)
rNeg    . . .      Spirit   .   k - +0 plate armour
rPois   +          Reflect  .   G - +1 hat
rElec   .          Harm     .   (no cloak)
rCorr   .          Rampage  .   s - +0 pair of gloves
Will    +....                   (no boots)
Stlth   ..........              (no amulet)
HPRegen 0.38/turn               B - ring of poison resistance
MPRegen 0.12/turn               E - ring of Uwiol {Will+ Str+2}

@: berserking, lethally poisoned (-8 -> -16), very quick
A: horns 2, retaliatory headbutt
a: Renounce Religion, Berserk, Trog's Hand, Brothers in Arms


You were on level 11 of the Dungeon.
You worshipped Trog.
Trog was extremely pleased with you.
You visited 1 branch of the dungeon, and saw 11 of its levels.
You also visited: Ossuary.

You collected 773 gold pieces.

Inventory:

Hand Weapons
 I - a +4 vampiric hand axe
 J - a +0 battleaxe of flaming (weapon)
Armour
 k - a +0 plate armour (worn)
 s - a +0 pair of gloves (worn)
 G - a +1 hat (worn)
Jewellery
 y - a ring of ice
 B - a ring of poison resistance (left hand)
 E - the ring of Uwiol (right hand) {Will+ Str+2}
   (You took it off an orc priest on level 7 of the Dungeon)

   [ring of willpower]

   Str:       It affects your strength (+2).
   Will:      It increases your willpower.
 H - a ring of ice
Wands
 i - a wand of iceblast (13)
 z - a wand of mindburst (26)
 A - a wand of flame (34)
 F - a wand of acid (8)
Scrolls
 d - 7 scrolls of teleportation
 e - 3 scrolls of torment {unknown}
 g - 3 scrolls of enchant armour
 h - 2 scrolls of enchant weapon
 j - a scroll of acquirement {unknown}
 l - 3 scrolls of vulnerability {unknown}
 m - a scroll of summoning
 n - 2 scrolls of poison {unknown}
 w - 4 scrolls of silence {unknown}
 x - 3 scrolls of magic mapping
 C - a scroll of fog {unknown}
Potions
 b - a potion of cancellation
 c - a potion of ambrosia
 o - 4 potions of flight
 p - 2 potions of heal wounds
 q - 8 potions of curing
 r - 4 potions of haste
 t - a potion of berserk rage
 u - a potion of invisibility
 v - 2 potions of might
 D - a potion of magic {unknown}
Miscellaneous
 a - a phantom mirror


   Skills:
 + Level 12.3 Fighting
 * Level 16.6 Axes
 + Level 12.0 Armour
 - Level 2.1 Dodging


You had 11 spell levels left.
You didn't know any spells.
Your spell library was empty.

Dungeon Overview and Level Annotations

Branches:
Dungeon (11/15)            Temple (0/1) D:4            Lair (0/5) D:10
    Orc (0/2) D:9         Ossuary (visited)

Altars:
Cheibriados
Elyvilon
Fedhas
Nemelex Xobeh
Qazlal
Ru
Trog
Uskayaw
Xom
Yredelemnul
The Shining One

Shops:
D:6 *

Annotations:
D:11 3 runed translucent doors


Innate Abilities, Weirdness & Mutations

You have a pair of horns on your head.
You reflexively headbutt those who attack you in melee.


Message History

The killer bee stings you but does no damage. x2
You miss the killer bee.
The killer bee is almost dead.
You closely miss the killer bee. You hit the killer bee.
You burn the killer bee.
You kill the killer bee!
Trog accepts your kill.
You closely miss the orc priest. You slice the killer bee!!
You burn the killer bee.
You kill the killer bee!
Trog accepts your kill.
You feel sick.
The orc priest hits you but does no damage.
The orc warrior closely misses you.
The killer bee stings you but does no damage.
The killer bee stings you.
* * * LOW HITPOINT WARNING * * *
You have reached level 12!
You feel agile.
You miss the killer bee.
The killer bee is almost dead.
You closely miss something. You barely miss the killer bee.
You closely miss the orc wizard. You slash the orc priest!
You burn the orc priest. You slice the orc!! You burn the orc.
You kill the orc!
Trog accepts your kill.
* * * LOW HITPOINT WARNING * * *
You feel sick.
The killer bee stings you but does no damage.
The killer bee barely misses you. You furiously retaliate!
You headbutt the killer bee!!
You kill the killer bee!
Trog accepts your kill.
The killer bee attacks as you move away!
The killer bee stings you but does no damage.
Found an escape hatch in the ceiling.
* * * LOW HITPOINT WARNING * * *
You feel sick.
The orc warrior hits you from afar with a +0 glaive!
You die...

...$... #.# ### .......
###.. # .......##...# #
# # .......#....# .# #.
...........##.# ..##.
...c.......+..+ $..+.
.......)†..## ..##.
......oy....# #.
......o@....## ###. ## #
...>.o.......# .#+#. #
.............### ... ###
...............###.###..
.................#+#...#
........................
.......................#
...<.......<...........#
.>.................#


You could see an orc warrior, a centaur, a killer bee, an orc priest and an orc
wizard.

Vanquished Creatures
  3 two-headed ogres
  3 death yaks (D:10)
  Psyche (D:9)
  2 efreet
  3 trolls
  A hornet (D:9)
  Sigmund (D:3)
  8 yaks
  2 wraiths
  A wyvern (D:8)
  6 water moccasins
  Duvessa (D:5)
  A sky beast (D:6)
  9 orc warriors
  A swamp drake (D:9)
  3 ice beasts
  2 ogres
  11 centaurs
  4 phantoms
  5 kobold brigands
  Blork the orc (D:4)
  A bullfrog (D:8)
  3 gnoll sergeants
  10 scorpions
  13 wights
  Dowan (D:5)
  18 killer bees
  4 howler monkeys
  2 centaur zombies (Ossuary)
  2 hounds
  2 jellies
  3 gnoll boudas
  7 orc priests
  3 human zombies (Ossuary)
  Jessica (D:2)
  3 iguanas
  Ijyb (D:3)
  Natasha (thrice) (D:3)
  13 orc wizards
  2 scorpion zombies (Ossuary)
  2 hell rats (D:10)
  3 mummies (Ossuary)
  17 gnolls
  6 adders
  A river rat (D:10)
  A shadow imp (D:6)
  3 white imps
  4 worms
  2 dart slugs (D:3)
  50 orcs
  6 endoplasms
  5 giant cockroaches
  8 goblins
  9 hobgoblins
  A jackal (D:4)
  5 quokkas
  14 ball pythons
  4 bats
  4 frilled lizards
  A gnoll zombie (Ossuary)
  3 hobgoblin zombies (Ossuary)
  27 kobolds
  5 kobold zombies (Ossuary)
  9 rats
351 creatures vanquished.

Vanquished Creatures (others)
  Erolcha (D:9)
  A lindwurm (D:10)
  8 plants (D:9)
10 creatures vanquished.

Grand Total: 361 creatures vanquished

Notes
Turn   | Place    | Note
-------+----------+-------------------------------------------
     0 | D:1      | sanboga the Minotaur Berserker began the quest for the Orb.
     0 | D:1      | Reached XP level 1. HP: 19/19 MP: 0/0
   158 | D:1      | Reached skill level 4 in Axes
   161 | D:1      | Reached XP level 2. HP: 24/27 MP: 1/1
   388 | D:1      | Reached XP level 3. HP: 33/33 MP: 2/2
   676 | D:1      | Found a faded altar of an unknown god.
   736 | D:1      | Reached ** piety under Trog
  1063 | D:2      | Noticed Jessica
  1067 | D:2      | Killed Jessica
  1068 | D:2      | Reached skill level 5 in Axes
  1068 | D:2      | Reached XP level 4. HP: 40/41 MP: 3/3
  1154 | D:2      | Identified the +2 robe of Curiosity {rC+}
  1230 | D:2      | Found a snail-covered altar of Cheibriados.
  1590 | D:3      | Noticed Ijyb
  1598 | D:3      | Killed Ijyb
  1629 | D:3      | Reached XP level 5. HP: 27/47 MP: 4/4
  1782 | D:3      | Noticed Natasha
  1795 | D:3      | Killed Natasha
  1802 | D:3      | Reached skill level 5 in Fighting
  1802 | D:3      | Reached skill level 6 in Axes
  1806 | D:3      | Noticed Sigmund
  1989 | D:3      | Killed Sigmund
  1990 | D:3      | Reached XP level 6. HP: 56/56 MP: 5/5
  2207 | D:3      | Noticed Natasha
  2213 | D:3      | Killed Natasha
  2213 | D:3      | Reached *** piety under Trog
  2289 | D:3      | Reached skill level 7 in Axes
  2358 | D:3      | Noticed Natasha
  2367 | D:3      | Killed Natasha
  2850 | D:4      | Found a staircase to the Ecumenical Temple.
  2851 | D:4      | Noticed Blork the orc
  2859 | D:4      | Killed Blork the orc
  2860 | D:4      | Reached skill level 5 in Armour
  2860 | D:4      | Reached XP level 7. HP: 37/62 MP: 6/6
  3004 | D:4      | Found a sand-covered staircase.
  3012 | Ossuary  | Entered an ossuary
  3129 | Ossuary  | Reached skill level 8 in Axes
  3298 | Ossuary  | Reached XP level 8. HP: 35/71 MP: 7/7
  3361 | Ossuary  | Reached skill level 9 in Axes
  3694 | D:4      | Reached **** piety under Trog
  4623 | D:5      | Entered Level 5 of the Dungeon
  4627 | D:5      | Noticed Dowan
  4628 | D:5      | Noticed Duvessa
  4638 | D:5      | Killed Duvessa
  4639 | D:5      | Reached skill level 10 in Axes
  4649 | D:5      | Killed Dowan
  5167 | D:5      | Identified the +1 robe of Conscience {rF- Will+ Dex+8
                  | Stlth-}
  5875 | D:5      | Reached XP level 9. HP: 52/81 MP: 8/8
  6304 | D:5      | You fall into a shaft and drop 2 floors!
  6343 | D:7      | Reached skill level 11 in Axes
  6581 | D:7      | Identified the ring of Uwiol {Will+ Str+2}
  6732 | D:7      | Found a blossoming altar of Fedhas.
  7088 | D:5      | Found a basalt altar of Yredelemnul.
  7090 | D:5      | Noticed a profane servitor
  7095 | D:5      | Found a glowing golden altar of the Shining One.
  7097 | D:5      | Noticed an angel
  7206 | D:6      | Reached ***** piety under Trog
  7218 | D:6      | Reached skill level 12 in Axes
  7495 | D:6      | Identified the +1 helmet of Gitoff {rC+ Will++}
  7943 | D:6      | Reached XP level 10. HP: 91/91 MP: 9/9
  8208 | D:6      | Found Nere's Serpentskin Sales.
  8482 | D:7      | Found a sparkling altar of Nemelex Xobeh.
  8951 | D:8      | Reached skill level 13 in Axes
  8964 | D:8      | Noticed a two-headed ogre
  8977 | D:8      | Killed a two-headed ogre
  8978 | D:8      | Reached skill level 10 in Fighting
  9482 | D:8      | Found a white marble altar of Elyvilon.
  9686 | D:8      | Noticed a two-headed ogre
  9695 | D:8      | Killed a two-headed ogre
  9696 | D:8      | Reached skill level 14 in Axes
  9696 | D:8      | Reached skill level 10 in Armour
  9986 | D:9      | Found a stormy altar of Qazlal.
 10000 | D:9      | Found a shimmering altar of Xom.
 10074 | D:9      | Noticed Psyche
 10205 | D:9      | Noticed a two-headed ogre
 10211 | D:9      | Killed a two-headed ogre
 10212 | D:9      | Reached XP level 11. HP: 101/101 MP: 10/10
 10356 | D:9      | Killed Psyche
 10385 | D:9      | Reached skill level 15 in Axes
 11115 | D:9      | Noticed Erolcha
 11127 | D:9      | Killed Erolcha
 11228 | D:9      | Received a gift from Trog
 11232 | D:9      | Found a staircase to the Orcish Mines.
 11339 | D:9      | Found a hide-covered altar of Uskayaw.
 11874 | D:10     | Entered Level 10 of the Dungeon
 12015 | D:10     | Found a sacrificial altar of Ru.
 12283 | D:10     | Noticed a death yak
 12284 | D:10     | Noticed a death yak
 12290 | D:10     | Noticed a death yak
 12296 | D:10     | Killed a death yak
 12297 | D:10     | Found a staircase to the Lair.
 12307 | D:10     | Killed a death yak
 12308 | D:10     | Reached skill level 16 in Axes
 12316 | D:10     | Killed a death yak
 12939 | D:10     | Found a bloodstained altar of Trog.
 12964 | D:10     | Noticed a lindwurm
 12978 | D:10     | Killed a lindwurm
 13782 | D:11     | Found a runed translucent door.
 13794 | D:11     | Found a runed translucent door.
 13860 | D:11     | Found a runed translucent door.
 13875 | D:11     | Reached XP level 12. HP: 10/112 MP: 11/11
 13875 | D:11     | HP: 8/168 [poisoned by a killer bee]
 13876 | D:11     | Mangled by an orc warrior

Illustrated notes

Levels and vault maps discovered:
D:1:      scummos_arrival_gate, layout_basic, basic_ecumenical_altar
D:2:      layout_loops_ring, basic_altar, uniq_jessica
D:3:      layout_loops_cross, minivault_11, uniq_natasha, uniq_ijyb,
          uniq_sigmund
D:4:      kennysheep_spiral_hall, layout_basic,
          minmay_temple_entry_purple_smoke, enter_ossuary_2, uniq_blork_the_orc
D:5:      layout_basic, grunt_temple_overflow_holy_war, uniq_duvessa
D:6:      cheibrodos_thug_alley, layout_basic, guppyfry_shop_venom
D:7:      layout_rooms, mainiacjoe_overflow_surrounded_room,
          kennysheep_little_box, kennysheep_generic_room_12
D:8:      layout_basic, nicolae_overflow_crystal_walls, minmay_checkerbox
D:9:      nzn_winding_woodlands_small [nzn_winding_woodlands_5x15_garden,
          nzn_winding_woodlands_center_pierced_h,
          nzn_winding_woodlands_5x15_river_crossing], layout_basic,
          nicolae_qazlal_general_emergency, nicolae_overflow_hidden_temple,
          erik_orc_1, uniq_psyche, uniq_erolcha
D:10:     lemuel_flame_loot_2, layout_long_grid, mainiacjoe_overflow_chevrons,
          general_overflow_altar, dpeg_lair_monsters
D:11:     minmay_the_grid_octo_tiled_octocenter [minmay_the_grid_octo_teeth,
          minmay_the_grid_octo_checkered, minmay_the_grid_octo_tetromino_candy,
          minmay_the_grid_octo_fat_diamond, minmay_the_grid_octo_prize_star,
          minmay_the_grid_square_5x5_one_wall,
          minmay_the_grid_square_5x5_dogpile,
          minmay_the_grid_square_5x5_trominoes,
          minmay_the_grid_square_5x5_almost_minimal], layout_small_grid,
          serial_shops, kennysheep_mini, minmay_statue_crystal_thing,
          uniq_nergalle

Skill      XL: |  1  2  3  4  5  6  7  8  9 10 11 |
---------------+----------------------------------+-----
Axes           | 4 5 6 7 8 10 12 14 16 | 16.6
Fighting       | 4 5 6 7 9 10 12 | 12.3
Armour         | 3 4 5 6 7 9 10 12 | 12.0
Dodging        | |  2.1

Action                   |  1- 3 |  4- 6 |  7- 9 | 10-12 || total
-------------------------+-------+-------+-------+-------++-------
Melee: Hand axe          |    68 |   125 |   220 |    14 ||   427
       Headbutt          |    11 |    18 |    57 |    63 ||   149
       Punch             |       |     2 |     3 |     7 ||    12
       War axe           |       |       |   125 |   221 ||   346
       Battleaxe         |       |       |       |   108 ||   108
Invok: Berserk           |       |     2 |     5 |     6 ||    13
Evoke: Wand              |       |       |       |     1 ||     1
  Use: Scroll            |     1 |     4 |    11 |     5 ||    21
       Potion            |       |       |       |     4 ||     4
 Stab: Confused          |       |       |       |     1 ||     1
Armor: Scale mail        |    26 |    10 |       |       ||    36
       Plate armour      |       |    43 |   200 |   247 ||   490
Dodge: Dodged            |    35 |    52 |   123 |   151 ||   361
